 Dungeon Crawl Stone Soup version 0.31-a0-234-gad7ace16ef (webtiles) character file.

Game seed: 14063675839805166070

143 qw the Shooter (level 5, -5/30 HPs)
             Began as a Gargoyle Hexslinger on July 9, 2023.
             Slain by an orc priest
             ... wielding a +0 hand axe
              (7 damage)
             ... on level 4 of the Dungeon.
             The game lasted 00:00:54 (1980 turns).

qw the Shooter (Gargoyle Hexslinger)                Turns: 1980, Time: 00:00:55

Health: -5/30      AC: 10    Str: 11    XL:     5   Next: 25%
Magic:  6/6        EV: 10    Int: 17    God:
Gold:   194        SH:  0    Dex: 13    Spells: 5/6 levels left

rFire   + . .        Y - +1 sling
rCold   + . .        (no shield)
rNeg    + . .        j - +0 ring mail
rPois   inf          (no helmet)
rElec   +            q - scarf {rC+ rF+}
rCorr   .            m - +0 pair of gloves
SInv    +            (no boots)
Will    .....        l - amulet of faith
Stlth   +            g - +4 ring of slaying {mikee}
HPRegen 1.05/turn    a - ring of see invisible
MPRegen 0.10/turn

%: faith
@: about to teleport
A: sickness immunity, AC +4, negative energy resistance 1, electricity
resistance, torment resistance 1, petrification resistance, clever 1,
regeneration 1
a: no special abilities


You were on level 4 of the Dungeon.
You visited 1 branch of the dungeon, and saw 4 of its levels.

You collected 194 gold pieces.


Innate Abilities, Weirdness & Mutations

You are immune to sickness and miasma.
Your stone body is resilient. (AC +4)
You are immune to poison.
You resist negative energy. (rN+)
You are resistant to electric shocks. (rElec)
You are resistant to unholy torment.
You are immune to petrification.
Your mind is acute. (Int +4, Str/Dex -1)
Your natural rate of healing is unusually fast.


   Skills:
 - Level 2.1 Fighting
 + Level 4.8 Ranged Weapons
 - Level 1.0 Armour
 - Level 1.5 Dodging
 - Level 1.0 Spellcasting
 - Level 2.6 Hexes


You had 5 spell levels left.
You knew the following spells:

 Your Spells              Type           Power      Damage    Failure   Level
a - Slow                  Hex            36%        N/A       17%         1

Your spell library contained the following spells:

 Spells                   Type           Power      Damage    Failure   Level
 Inner Flame              Hex/Fire       5%         N/A       65%         3
 Portal Projectile        Hex/Tloc       10%        N/A       65%         3
 Cause Fear               Hex            4%         N/A       86%         4

Inventory:

Hand Weapons
 Y - a +1 sling (weapon)
Armour
 j - a +0 ring mail (worn)
 m - a +0 pair of gloves (worn)
 q - a scarf of resistance (worn)
Jewellery
 a - a ring of see invisible (right hand)
 d - an amulet of reflection
 g - a +4 ring of slaying (left hand) {mikee}
 h - a ring of willpower
 k - a ring of protection from cold
 l - an amulet of faith (around neck)
Scrolls
 n - a scroll of amnesia {unknown}
 r - a scroll of revelation {unknown}
Potions
 b - a potion of mutation
 e - 3 potions of curing
 f - a potion of haste {unknown}
 i - a potion of resistance {unknown}
 o - a potion of heal wounds {unknown}
 p - a potion of enlightenment {unknown}

Dungeon Overview and Level Annotations

Branches:
Dungeon (4/15)
 Temple: D:4-7

Altars:
Trog


Message History

The ball python hisses angrily.
The sling bullet hits the ball python!
You kill the ball python!
You shoot a sling bullet. The sling bullet hits the ball python!
You kill the ball python!
n - a scroll labelled LANAPEOLO PAPYSK
r - a scroll labelled PAKEHE MOEV You see here a ball python corpse.
You now have 194 gold pieces (gained 8).
An orc comes into view. It is wielding a +0 mace.
Found a clear potion.
The orc shouts!
You hear a shout! x3
You shoot a sling bullet. The sling bullet hits the orc!
You kill the orc!
An orc priest comes into view. It is wielding a +0 hand axe.
The orc priest shouts!
You hear a shout!
The orc priest invokes the aid of Beogh against you.
Beogh smites you!
You shoot a sling bullet. The sling bullet hits the orc priest.
The orc priest is lightly wounded.
You shoot a sling bullet. The sling bullet hits the orc priest.
The orc priest is moderately wounded.
An orc comes into view. It is wielding a +0 club.
An orc comes into view. It is wielding a +4 hand axe.
The orc priest invokes the aid of Beogh against you.
Beogh smites you!
Ouch! That really hurt!
The orc shouts!
1979 ||| READING scroll of teleportation.
As you read the scroll of teleportation, it crumbles to dust.
You feel strangely unstable.
The orc priest hits you with a +0 hand axe.
You shoot a sling bullet.
The sling bullet barely misses the orc priest.
The sling bullet closely misses the orc.
The sling bullet hits the orc.
The orc is moderately wounded.
You hear a shout!
The orc priest hits you with a +0 hand axe!
You die...

...............#
#..............
#..##..##...#
#..##..##...#
#.<.......#.##
#.###..#.###.## #.
#...## ##.# #.
#.%#.###.###.# #.
#.....#..@ooo#
..............######
####.######..## #
#..# #...# #.... ...
##


You could see an orc priest and 2 orcs.

Vanquished Creatures
  Natasha (twice) (D:2)
  2 adders (D:3)
  A worm (D:2)
  2 dart slugs (D:1)
  6 orcs
  7 ball pythons
  6 endoplasms
  3 giant cockroaches
  5 goblins
  7 hobgoblins
  3 quokkas
  7 bats
  2 frilled lizards
  3 kobolds
  4 rats
60 creatures vanquished.

Notes
Turn   | Place    | Note
-------+----------+-------------------------------------------
     0 | D:1      | qw the Gargoyle Hexslinger began the quest for the Orb.
     0 | D:1      | Reached XP level 1. HP: 12/12 MP: 2/2
     0 | D:1      | 0 ||| qw: Version: 0.3-a-51-g015441d
     0 | D:1      | 0 ||| qw: Game counter: 4040
     0 | D:1      | 0 ||| qw: Melee chars always use a shield: true
     0 | D:1      | 0 ||| qw: God list: Okawaru
     0 | D:1      | 0 ||| qw: Allow faded altars: false
     0 | D:1      | 0 ||| qw: Do Orc after clearing Dungeon:15 true
     0 | D:1      | 0 ||| qw: Do second Lair branch before Depths: true
     0 | D:1      | 0 ||| qw: Lair rune preference: random
     0 | D:1      | 0 ||| qw: Goals: Normal
     0 | D:1      | 0 ||| PLANNING D:1-11
     4 | D:1      | 4 ||| Stepping ~*~*~tactically~*~*~ (water).
     6 | D:1      | 6 ||| Stepping ~*~*~tactically~*~*~ (water).
   143 | D:1      | Reached XP level 2. HP: 16/16 MP: 3/3
   180 | D:1      | Reached skill level 3 in Ranged Weapons
   279 | D:1      | Reached XP level 3. HP: 21/21 MP: 4/4
   281 | D:1      | 281 ||| UPGRADING to amulet of reflection.
   766 | D:1      | 766 ||| UPGRADING to +4 ring of slaying {mikee}.
   767 | D:1      | 767 ||| DROPPING scroll of poison.
  1014 | D:2      | Noticed Natasha
  1016 | D:2      | 1016 ||| FLEEEEING.
  1017 | D:2      | 1017 ||| FLEEEEING.
  1018 | D:2      | 1018 ||| FLEEEEING.
  1019 | D:2      | 1019 ||| FLEEEEING.
  1020 | D:2      | 1020 ||| FLEEEEING.
  1033 | D:2      | HP: 3/21 [cerulean imp/+1 spear[Natasha] (5)]
  1034 | D:2      | HP: 1/21 [cerulean imp/+1 spear[Natasha] (2)]
  1038 | D:2      | Killed Natasha
  1039 | D:2      | Reached XP level 4. HP: 3/26 MP: 5/5
  1166 | D:2      | Found a bloodstained altar of Trog.
  1192 | D:2      | Reached skill level 4 in Ranged Weapons
  1298 | D:2      | Noticed Natasha
  1307 | D:2      | Killed Natasha
  1566 | D:2      | 1566 ||| UPGRADING to +0 ring mail.
  1576 | D:2      | 1576 ||| DROPPING +0 robe.
  1577 | D:2      | 1577 ||| UPGRADING to +0 pair of gloves.
  1582 | D:2      | 1582 ||| UPGRADING to amulet of faith.
  1592 | D:2      | 1592 ||| UPGRADING to ring of willpower.
  1593 | D:2      | 1593 ||| READING scroll labelled SIPTUH NEROPU.
  1597 | D:2      | 1597 ||| READING scroll labelled KEBBIC NAWY.
  1598 | D:2      | 1598 ||| READING scroll labelled KEUFAENEOQ.
  1599 | D:2      | 1599 ||| READING scroll labelled HOLEIN LOFAIP.
  1600 | D:2      | 1600 ||| DRINKING 2 ruby potions.
  1600 | D:2      | Gained mutation: Your natural rate of healing is unusually
                  | fast. [potion of mutation]
  1600 | D:2      | Gained mutation: Your mind is acute. (Int +4, Str/Dex -1)
                  | [potion of mutation]
  1653 | D:3      | Found a bloodstained altar of Trog.
  1783 | D:3      | Reached skill level 1 in Armour
  1795 | D:3      | Reached XP level 5. HP: 29/30 MP: 6/6
  1821 | D:3      | Identified the +2 dagger "Ehesyh" {antimagic, *Corrode rN+
                  | Int+4}
  1929 | D:3      | 1929 ||| UPGRADING to scarf of resistance.
  1934 | D:3      | 1934 ||| UPGRADING to ring of see invisible.
  1936 | D:3      | 1936 ||| READING scroll labelled MEILEPHYORO.
  1978 | D:4      | HP: 4/30 [orc priest/divine providence (16)]
  1979 | D:4      | 1979 ||| READING scroll of teleportation.
  1979 | D:4      | HP: 1/30 [orc priest/+0 hand axe (4)]
  1980 | D:4      | Slain by an orc priest

Levels and vault maps discovered:
D:1:      psy_arrival_whirlpool, layout_loops_ring, serial_glass,
          glass_columns_a, glass_columns_b, chequers_serial_rivers_micro_e
D:2:      layout_basic, basic_altar, fountainhead, uniq_natasha
D:3:      layout_basic, mainiacjoe_overflow_concentric_impassable
D:4:      layout_loops_ring

Skill      XL: |  1  2  3  4 |
---------------+-------------+-----
Ranged Weapons | 3 4 |  4.8
Fighting       | 2 |  2.1
Armour         | 1 |  1.0
Dodging        | |  1.5
Spellcasting   | |  1.0
Hexes          | |  2.6

Action                     |  1- 3 |  4- 6 || total
---------------------------+-------+-------++-------
   Fire: Sling             |   138 |    73 ||   211
    Use: Scroll            |       |     6 ||     6
         Potion            |       |     1 ||     1
 Armour: Robe              |    37 |     1 ||    38
         Ring mail         |       |    21 ||    21
  Dodge: Dodged            |    61 |    19 ||    80
  Block: Other             |    11 |     1 ||    12

Table legend:
 A = Non-vault XP
 B = Vault XP
 C = Vault XP percentage of total XP
 D = Non-vault monster count
 E = Vault monster count
 F = Vault count percentage of total count
                 A         B        C        D         E       F
            +---------+---------+-------+---------+---------+-------
      Total |     170 |      35 |  17.1 |      59 |       1 |   1.7
            +---------+---------+-------+---------+---------+-------
        D:1 |      54 |       0 |   0.0 |      29 |       0 |   0.0
        D:2 |      51 |      35 |  40.7 |       8 |       1 |  11.1
        D:3 |      57 |       0 |   0.0 |      18 |       0 |   0.0
        D:4 |       8 |       0 |   0.0 |       4 |       0 |   0.0
            +---------+---------+-------+---------+---------+-------
